 Dungeon Crawl Stone Soup version 0.30-a0-414-gcb316572d5 (webtiles) character file.

Game seed: 8682704460912963262

305 McMuffin the Ruffian (level 6, -2/48 HPs)
             Began as a Draconian Transmuter on Dec 8, 2022.
             Slain by a shadow (9 damage)
             ... on level 5 of the Dungeon.
             The game lasted 00:09:16 (1265 turns).

McMuffin the Ruffian (Draconian Transmuter)         Turns: 1265, Time: 00:09:17

Health: -2/48      AC:  8    Str: 14    XL:     6   Next: 15%
Magic:  10/10      EV: 16    Int: 14    God:
Gold:   40         SH:  0    Dex: 11    Spells: 10/11 levels left

rFire   . . .      SeeInvis .      - Unarmed
rCold   . . .      Faith    .    (no shield)
rNeg    . . .      Spirit   .    (body armour unavailable)
rPois   .          Reflect  .    n - +0 hat
rElec   .          Harm     .    (no cloak)
rCorr   +          Rampage  .    s - +0 pair of gloves
Will    .....                    h - +0 pair of boots
Stlth   +.........               (no amulet)
HPRegen 0.28/turn                f - +4 ring of evasion
MPRegen 0.12/turn                k - ring of resist corrosion

@: no status effects
A: AC +6, unfitting armour, cold-blooded
a: no special abilities


You were on level 5 of the Dungeon.
You visited 1 branch of the dungeon, and saw 6 of its levels.

You collected 40 gold pieces.

Inventory:

Armour
 h - a +0 pair of boots (worn)
 n - a +0 hat (worn)
 s - a +0 pair of gloves (worn)
Jewellery
 f - a +4 ring of evasion (left hand)
 k - a ring of resist corrosion (right hand)
 o - a ring of fire
 p - a ring of see invisible
Wands
 m - a wand of iceblast (14)
Scrolls
 b - a scroll of vulnerability {unknown}
 e - a scroll of enchant armour {unknown}
 i - 2 scrolls of immolation {unknown}
 j - 4 scrolls of identify {unknown}
 l - a scroll of silence {unknown}
 r - a scroll of blinking {unknown}
Potions
 a - 2 potions of lignification
 c - a potion of might {unknown}
 d - a potion of curing {unknown}
 g - 2 potions of magic {unknown}
 q - a potion of flight {unknown}


   Skills:
 + Level 1.7 Fighting
 + Level 2.8 Dodging
 + Level 0.9 Stealth
 + Level 5.0 Unarmed Combat
 + Level 3.2 Spellcasting
 + Level 3.0 Transmutations


You had 10 spell levels left.
You knew the following spells:

 Your Spells              Type           Power      Damage    Failure   Level
a - Beastly Appendage     Tmut           20%        N/A       6%          1

Your spell library contained the following spells:

 Spells                   Type           Power      Damage    Failure   Level
 Wereblood                Tmut           10%        N/A       10%         2
 Spider Form              Tmut/Pois      6%         N/A       34%         3
 Kindle Blastsparks       Fire/Tloc/Air  4%         2d10      54%         3
 Ice Form                 Ice/Tmut       6%         N/A       75%         4
 Fulminant Prism          Conj/Hex       1%         3d5       91%         4
 Iskenderun's Mystic Bla  Conj/Tloc      2%         2d3       91%         4
 Lee's Rapid Deconstruct  Erth           1%         3d4*      99%         5


Dungeon Overview and Level Annotations

Branches:
Dungeon (6/15)             Temple (0/1) D:4

Altars:
Trog


Innate Abilities, Weirdness & Mutations

Your plain brown scales are hard. (AC +6)
You cannot fit into any form of body armour.
You are cold-blooded and may be slowed by cold attacks.


Message History

The shadow slips into darkness.
The shadow flickers and vanishes!
Deactivating autopickup; reactivate with Ctrl-A.
Casting: Beastly Appendage (safe; 6% risk of failure)
Press: ? - help, Q - select action, (/) - cycle Dir - look around, f - activate You grow a pair of large bovine horns.
Your feet morph into talons.
Your +0 hat melds into your body.
Your +0 pair of boots melds into your body.
The shadow strikes at you from the darkness!
Reactivating autopickup.
The shadow hits you.
You closely miss the shadow. Your kick misses the shadow.
You headbutt the shadow, but do no damage.
The shadow hits you! The shadow hits you.
* * * LOW HITPOINT WARNING * * *
The shadow attacks as you move away! The shadow misses you.
There is a stone staircase leading up here.
You can't go down here!
Your transformation is almost over.
Magic restored.
The shadow hits you.
* * * LOW HITPOINT WARNING * * *
You climb upwards.
There is a stone staircase leading down here.
The shadow slips into darkness.
The shadow flickers and vanishes!
Deactivating autopickup; reactivate with Ctrl-A.
Found a stone staircase leading up.
The shadow strikes at you from the darkness!
Reactivating autopickup.
The shadow attacks as you move away! The shadow hits you.
Your horns disappear.
Your talons disappear.
Your +0 hat unmelds from your body.
Your +0 pair of boots unmelds from your body.
The shadow slips into darkness.
The shadow flickers and vanishes!
Deactivating autopickup; reactivate with Ctrl-A.
There is a stone staircase leading up here.
The shadow strikes at you from the darkness!
You die...

.# #...###......#+####
.#
#+####...#..............
.#
.........#..............
###
.........#..............
..#
.........#..............
..#
.........#..............
..#
...##....#..............
### .
...##..{.#..............
####..
.......@.#..............
......
...##....#..............
...... ..
######.....†##'####.
...... . #......†.....#.
####.. #......#.....#.
...# #......#.....#.
...# #......#.....# ...#
#......#.....# ...#
#......#.....#


There were no monsters in sight!

Vanquished Creatures
  3 scorpions
  A hound (D:5)
  An orc priest (D:4)
  4 adders
  A gnoll (D:4)
  2 orcs (D:4)
  2 ball pythons
  2 endoplasms
  2 goblins (D:4)
  4 jackals
  A quokka (D:1)
  2 rats (D:1)
25 creatures vanquished.

Vanquished Creatures (others)
  A wizard (D:4)
1 creature vanquished.

Grand Total: 26 creatures vanquished

Notes
Turn   | Place    | Note
-------+----------+-------------------------------------------
     0 | D:1      | McMuffin the Draconian Transmuter began the quest for the
                  | Orb.
     0 | D:1      | Reached XP level 1. HP: 16/16 MP: 3/3
   312 | D:2      | Reached XP level 2. HP: 20/23 MP: 5/5
   459 | D:2      | Found a faded altar of an unknown god.
   587 | D:3      | Reached XP level 3. HP: 28/28 MP: 4/6
   614 | D:4      | Reached skill level 4 in Unarmed Combat
   621 | D:4      | Found a staircase to the Ecumenical Temple.
   623 | D:4      | Reached XP level 4. HP: 31/35 MP: 5/7
   753 | D:4      | Found a bloodstained altar of Trog.
   755 | D:4      | Noticed a wizard
   760 | D:4      | Killed a wizard
   845 | D:5      | Entered Level 5 of the Dungeon
  1024 | D:5      | Noticed a scorpion
  1039 | D:5      | Killed a scorpion
  1040 | D:5      | Reached XP level 5. HP: 40/40 MP: 9/9
  1163 | D:6      | Reached skill level 5 in Unarmed Combat
  1163 | D:6      | Reached XP level 6. HP: 42/48 MP: 10/10
  1240 | D:6      | Noticed a shadow
  1265 | D:5      | Slain by a shadow

Illustrated notes

Levels and vault maps discovered:
D:1:      dpeg_arrival_water_temple_mockup, layout_loops_corners,
          hangedman_decor_push, minmay_split_cup_large
D:2:      layout_basic, nicolae_ecumenical_lake_church
D:3:      layout_loops_corners
D:4:      lemuel_castle_with_subvaults [lemuel_castle_interior_carwin_3],
          layout_rooms, trog_wizard, minmay_temple_entry_statues_pillars,
          serial_corexii_hall, corexii_hall_statues_x, corexii_hall_statues_l
D:5:      layout_gridville, minmay_misc_feat_ornament
D:6:      layout_loops_corners, makhleb_grotto_becter, kennysheep_diamond,
          uniq_sigmund, uniq_prince_ribbit1

Skill      XL: |  1  2  3  4  5 |
---------------+----------------+-----
Dodging        | 2 |  2.8
Unarmed Combat | 4 5 |  5.0
Spellcasting   | 3 |  3.2
Transmutations | 3 |  3.0
Fighting       | |  1.7
Stealth        | |  0.9

Action                   |  1- 3 |  4- 6 || total
-------------------------+-------+-------++-------
Melee: Unarmed           |    45 |    66 ||   111
       Kick              |     4 |    15 ||    19
       Headbutt          |     3 |    13 ||    16
       Tailslap          |     3 |     4 ||     7
       Punch             |       |     1 ||     1
 Cast: Beastly Appendage |     8 |    10 ||    18
 Stab: Sleeping          |     1 |       ||     1
Armor: Skin              |     8 |    18 ||    26
Dodge: Dodged            |    39 |    65 ||   104

Table legend: (Time is in decaauts)
 A = Elapsed time spent in this place.
 B = Non-inter-level travel time spent in this place.
 C = Inter-level travel time spent in this place.
 D = Time resting spent in this place.
 E = Time spent auto-exploring this place.
 F = Levels seen in this place.
 G = Mean time per level.
                   A        B        C        D        E       F      G
               +--------+--------+--------+--------+--------+-----+--------+
         Total |   1254 |   1254 |      0 |      0 |      0 |   6 |  209.0 |
       Dungeon |   1254 |   1254 |      0 |      0 |      0 |   6 |  209.0 |
               +--------+--------+--------+--------+--------+-----+--------+

Top non-repeatable levels by time:
     D:5: 291 daAuts
     D:2: 244 daAuts
     D:4: 239 daAuts
     D:1: 227 daAuts
     D:3: 126 daAuts
     D:6: 124 daAuts
